 Dungeon Crawl Stone Soup version 0.30-a0-723-gc1506a1cf0 (webtiles) character file.

Game seed: 7706638623111128436

550 Leeroy the Grasshopper (level 7, -5/56 HPs)
             Began as a Gnoll Warper on Jan 28, 2023.
             Killed by nerve-wracking pain
             ... invoked by an orc priest
              (13 damage)
             ... on level 5 of the Dungeon.
             The game lasted 00:06:16 (3912 turns).

Leeroy the Grasshopper (Gnoll Warper)               Turns: 3912, Time: 00:06:17

Health: -5/56      AC:  8    Str: 11    XL:     7   Next: 29%
Magic:  15/15      EV: 14    Int: 12    God:
Gold:   159        SH:  0    Dex: 19    Spells: 5/17 levels left

rFire   . . .      SeeInvis .    x - +3 short sword (venom)
rCold   . . .      Faith    .    (no shield)
rNeg    . . .      Spirit   .    b - +0 leather armour
rPois   .          Reflect  .    A - +1 helmet
rElec   .          Harm     .    (no cloak)
rCorr   +          Rampage  .    m - +0 pair of gloves {hurl}
Will    .....                    j - +1 pair of boots
Stlth   ++                       (no amulet)
HPRegen 0.29/turn                k - ring of resist corrosion
MPRegen 0.14/turn                u - +6 ring of dexterity

@: no status effects
A: fangs 1, strong nose, distributed training
a: no special abilities


You were on level 5 of the Dungeon.
You visited 1 branch of the dungeon, and saw 5 of its levels.
You also visited: Sewer.

You collected 285 gold pieces.
You spent 126 gold pieces at shops.

Inventory:

Hand Weapons
 a - a +0 falchion
 x - a +3 short sword of venom (weapon)
 B - a +0 whip of electrocution
Missiles
 d - 7 boomerangs of dispersal (quivered)
 n - 40 stones
 r - 21 poisoned darts
Armour
 b - a +0 leather armour (worn)
 j - a +1 pair of boots (worn)
 m - a +0 pair of gloves of hurling (worn)
 A - a +1 helmet (worn)
Jewellery
 k - a ring of resist corrosion (left hand)
 u - a +6 ring of dexterity (right hand)
 w - a ring of protection from fire
Scrolls
 c - 2 scrolls of blinking
 f - 2 scrolls of enchant weapon
 i - a scroll of enchant armour
 l - a scroll of fear
 q - 3 scrolls of amnesia {unknown}
 s - 2 scrolls of teleportation {unknown}
 y - a scroll of vulnerability {unknown}
 z - a scroll of acquirement {unknown}
 C - a scroll of magic mapping {unknown}
Potions
 e - a potion of curing
 g - a potion of lignification
 h - 2 potions of heal wounds {unknown}
 o - a potion of cancellation
 p - 2 potions of ambrosia {unknown}
 t - 2 potions of flight
 v - a potion of might
 D - a potion of degeneration {unknown}


   Skills:
 + Level 5.2 Fighting
 + Level 2.5 Short Blades
 + Level 5.2 Long Blades
 + Level 2.5 Axes
 + Level 2.5 Maces & Flails
 + Level 2.5 Polearms
 + Level 2.5 Staves
 + Level 2.5 Ranged Weapons
 + Level 3.6 Throwing
 + Level 3.6 Armour
 + Level 5.2 Dodging
 + Level 2.5 Stealth
 + Level 2.5 Shields
 + Level 2.5 Unarmed Combat
 + Level 5.6 Spellcasting
 + Level 2.0 Conjurations
 + Level 2.0 Hexes
 + Level 2.0 Summonings
 + Level 2.0 Necromancy
 + Level 5.8 Translocations
 + Level 2.0 Transmutations
 + Level 2.0 Fire Magic
 + Level 2.0 Ice Magic
 + Level 2.0 Air Magic
 + Level 2.0 Earth Magic
 + Level 2.0 Poison Magic
 + Level 2.7 Invocations
 + Level 2.5 Evocations


You had 5 spell levels left.
You knew the following spells:

 Your Spells              Type           Power      Damage    Failure   Level
a - Blink                 Tloc           34%        N/A       3%          2
b - Vhi's Electric Charg  Tloc/Air       24%        N/A       14%         3
c - Teleport Other        Tloc           17%        N/A       6%          3
d - Manifold Assault      Tloc           17%        N/A       22%         4

Your spell library contained the following spells:

 Spells                   Type           Power      Damage    Failure   Level
 Lesser Beckoning         Tloc           34%        N/A       3%          2


Dungeon Overview and Level Annotations

Branches:
Dungeon (5/15)              Sewer (visited)
 Temple: D:4-7

Altars:
Fedhas

Shops:
D:4 [

Annotations:
D:3 1 runed translucent door, Crazy Yiuf


Innate Abilities, Weirdness & Mutations

You have very sharp teeth.
Your uncanny sense of smell can sniff out nearby items.
Your experience applies equally to all skills.


Message History

The orc priest is severely wounded.
The orc priest closely misses you. Something barely misses you.
The orc priest calls down the wrath of Beogh upon you.
Beogh smites you!
* * * LOW HITPOINT WARNING * * *
You barely miss the orc priest. The orc priest completely misses you.
The orc priest hits you but does no damage.
You hear some strange, mumbled words.
Something tries to affect you, but you resist.
You hit the orc priest.
The orc priest is lightly wounded.
Something hits you.
* * * LOW HITPOINT WARNING * * *
The orc priest casts a cantrip, but nothing happens.
The orc priest calls upon Beogh to heal the orc priest.
The orc priest's wounds heal themselves!
You closely miss the orc priest.
You kill the orc priest!
Something completely misses you.
The orc priest looks braver for a moment.
You hit the orc priest but do no damage.
The orc priest is poisoned.
The adder bites you but does no damage.
A centaur comes into view.
Something completely misses you. The orc priest misses you.
You hit the orc priest but do no damage.
The orc priest looks even sicker.
The adder bites you but does no damage.
You hit the orc priest but do no damage.
The orc priest is lightly wounded.
The adder closely misses you. Something hits you.
* * * LOW HITPOINT WARNING * * *
The orc priest hits you but does no damage.
You hit the orc priest but do no damage.
The orc priest looks as sick as possible!
You bite the orc priest, but do no damage.
The orc priest is lightly wounded.
The adder bites you but does no damage. Something hits you.
* * * LOW HITPOINT WARNING * * *
The orc priest invokes the aid of Beogh against you.
Pain shoots through your body!
You die...

.##..... ......##
......# #.....## ..
.c..?[# ..# ... .....
..# ....###So### ##.##
......#@##.####...#
......{.......#..##
......#...........##
......##......>....##
..... #.............#
..............##....#
.....$##....####....# ∆
.#.....#....######..# #
####
#.....#....#.......####


You could see a centaur, an orc priest (extremely poisoned) and an adder.

Vanquished Creatures
  Eustachio (D:4)
  A kobold brigand (Sewer)
  2 hounds (D:4)
  An orc priest (D:5)
  Jessica (D:2)
  Robin (D:2)
  8 adders
  2 river rats
  3 worms
  4 dart slugs
  2 orcs
  7 bats
  11 endoplasms
  5 giant cockroaches
  13 goblins
  10 hobgoblins
  6 jackals
  A quokka (D:1)
  12 ball pythons
  4 frilled lizards
  7 kobolds
  9 rats
111 creatures vanquished.

Notes
Turn   | Place    | Note
-------+----------+-------------------------------------------
     0 | D:1      | Leeroy the Gnoll Warper began the quest for the Orb.
     0 | D:1      | Reached XP level 1. HP: 20/20 MP: 6/6
   142 | D:1      | Reached XP level 2. HP: 26/26 MP: 7/7
   265 | D:1      | Found a faded altar of an unknown god.
   900 | D:2      | Reached skill level 5 in Spellcasting
   900 | D:2      | Reached XP level 3. HP: 31/31 MP: 7/9
  1049 | D:2      | Noticed Jessica
  1056 | D:2      | Killed Jessica
  1057 | D:2      | Reached skill level 1 in Short Blades
  1057 | D:2      | Reached skill level 1 in Axes
  1057 | D:2      | Reached skill level 1 in Maces & Flails
  1057 | D:2      | Reached skill level 1 in Polearms
  1057 | D:2      | Reached skill level 1 in Staves
  1057 | D:2      | Reached skill level 1 in Ranged Weapons
  1057 | D:2      | Reached skill level 1 in Stealth
  1057 | D:2      | Reached skill level 1 in Shields
  1057 | D:2      | Reached skill level 1 in Unarmed Combat
  1057 | D:2      | Reached skill level 1 in Invocations
  1057 | D:2      | Reached skill level 1 in Evocations
  1057 | D:2      | Reached XP level 4. HP: 30/38 MP: 11/11
  1060 | D:2      | Learned a level 2 spell: Blink
  1064 | D:2      | Learned a level 3 spell: Vhi's Electric Charge
  1068 | D:2      | Learned a level 3 spell: Teleport Other
  1073 | D:2      | Learned a level 4 spell: Manifold Assault
  1377 | D:2      | Noticed Robin
  1415 | D:2      | Reached skill level 1 in Conjurations
  1415 | D:2      | Reached skill level 1 in Hexes
  1415 | D:2      | Reached skill level 1 in Summonings
  1415 | D:2      | Reached skill level 1 in Necromancy
  1415 | D:2      | Reached skill level 1 in Transmutations
  1415 | D:2      | Reached skill level 1 in Fire Magic
  1415 | D:2      | Reached skill level 1 in Ice Magic
  1415 | D:2      | Reached skill level 1 in Air Magic
  1415 | D:2      | Reached skill level 1 in Earth Magic
  1415 | D:2      | Reached skill level 1 in Poison Magic
  1427 | D:2      | Killed Robin
  2037 | D:3      | Reached XP level 5. HP: 36/43 MP: 12/12
  2252 | D:3      | Found a runed translucent door.
  2253 | D:3      | Noticed Crazy Yiuf
  2514 | D:4      | Found a glowing drain.
  2535 | Sewer    | Entered a sewer
  2628 | Sewer    | Noticed a kobold brigand
  2648 | Sewer    | Killed a kobold brigand
  2649 | Sewer    | Reached skill level 5 in Fighting
  2649 | Sewer    | Reached skill level 5 in Long Blades
  2649 | Sewer    | Reached skill level 5 in Dodging
  2649 | Sewer    | Reached XP level 6. HP: 25/51 MP: 14/14
  3443 | D:4      | Found Ameibirch's Armour Boutique.
  3453 | D:4      | Bought a +1 helmet for 126 gold pieces
  3526 | D:4      | Noticed Eustachio
  3539 | D:4      | Killed Eustachio
  3540 | D:4      | Reached XP level 7. HP: 47/56 MP: 12/15
  3691 | D:4      | Found a blossoming altar of Fedhas.
  3772 | D:5      | Entered Level 5 of the Dungeon
  3912 | D:5      | Killed from afar by an orc priest

Illustrated notes

Levels and vault maps discovered:
D:1:      saegor_arrival_simple_c, layout_loops_ring,
          nicolae_ecumenical_lake_church, palyth_stone_intersect
D:2:      layout_basic, chequers_serial_rivers_micro_c, minmay_liquid_box,
          minmay_heptomino_d4, uniq_robin, uniq_jessica
D:3:      layout_rooms, uniq_crazy_yiuf_cottage
D:4:      layout_cave_pools, mainiacjoe_overflow_chevrons, portal_sewer_entry_a,
          serial_shops, nicolae_lakefront_shop, uniq_eustachio
D:5:      layout_cave_pools, grunt_dithmenos_shadows,
          lemuel_coloured_pillars_altar, lemuel_temple_firewalk_b, uniq_grinder

Skill      XL: |  1  2  3  4  5  6 |
---------------+-------------------+-----
Spellcasting   | 5 |  5.6
Short Blades   | 1 2 |  2.5
Axes           | 1 2 |  2.5
Maces & Flails | 1 2 |  2.5
Polearms       | 1 2 |  2.5
Staves         | 1 2 |  2.5
Ranged Weapons | 1 2 |  2.5
Stealth        | 1 2 |  2.5
Shields        | 1 2 |  2.5
Unarmed Combat | 1 2 |  2.5
Invocations    | 1 2 |  2.7
Evocations     | 1 2 |  2.5
Conjurations   | 1 2 |  2.0
Hexes          | 1 2 |  2.0
Summonings     | 1 2 |  2.0
Necromancy     | 1 2 |  2.0
Transmutations | 1 2 |  2.0
Fire Magic     | 1 2 |  2.0
Ice Magic      | 1 2 |  2.0
Air Magic      | 1 2 |  2.0
Earth Magic    | 1 2 |  2.0
Poison Magic   | 1 2 |  2.0
Throwing       | 3 |  3.6
Armour         | 3 |  3.6
Fighting       | 5 |  5.2
Long Blades    | 5 |  5.2
Dodging        | 5 |  5.2
Translocations | |  5.8

Action                     |  1- 3 |  4- 6 |  7- 9 || total
---------------------------+-------+-------+-------++-------
  Melee: Falchion          |    75 |   235 |       ||   310
         Bite              |     4 |    27 |     2 ||    33
         Punch             |       |     3 |       ||     3
         Short sword       |       |    50 |    35 ||    85
   Cast: Manifold Assault  |       |     2 |       ||     2
         Vhi's Electric Ch |       |     1 |       ||     1
    Use: Scroll            |       |     5 |       ||     5
         Potion            |       |     5 |       ||     5
   Stab: Sleeping          |     3 |     3 |       ||     6
 Armour: Leather armour    |    19 |   102 |    17 ||   138
  Dodge: Dodged            |    33 |   202 |    23 ||   258

Table legend: (Time is in decaauts)
 A = Elapsed time spent in this place.
 B = Non-inter-level travel time spent in this place.
 C = Inter-level travel time spent in this place.
 D = Time resting spent in this place.
 E = Time spent auto-exploring this place.
 F = Levels seen in this place.
 G = Mean time per level.
                   A        B        C        D        E       F      G
               +--------+--------+--------+--------+--------+-----+--------+
         Total |   4010 |   3804 |    206 |     64 |   2688 |   6 |  668.3 |
       Dungeon |   3219 |   3013 |    206 |      0 |   2257 |   5 |  643.8 |
         Sewer |    791 |    791 |      0 |     64 |    431 |   1 |  791.0 |
               +--------+--------+--------+--------+--------+-----+--------+

Top non-repeatable levels by time:
     D:2: 1086 daAuts
     D:1: 872 daAuts
   Sewer: 791 daAuts
     D:3: 567 daAuts
     D:4: 555 daAuts
     D:5: 137 daAuts
